[Event "*** Titled Tuesday Blitz"]
[Site "Chess.com"]
[Date "2020.04.21"]
[Round "3"]
[White "semchik73"]
[Black "Kildepiotr"]
[Result "1/2-1/2"]
[WhiteElo "2281"]
[BlackElo "2532"]
[TimeControl "180+1"]
[EndTime "10:30:09 PDT"]
[Termination "Game drawn - insufficient material"]

1. Nf3 g6 2. c4 Bg7 3. d4 d6 4. Nc3 Nd7 5. e4 e5 6. Be2 Ngf6 7. O-O O-O 8. h3 c6 9. Be3 exd4 10. Nxd4 Nc5 11.
Bf3 Re8 12. Qc2 a5 13. Rfe1 Qc7 14. Rad1 a4 15. Bf4 Bf8 16. b4 axb3 17. axb3 Ncd7 18. b4 Ne5 19. Be2 Qb6 20. b5 Bg7 21. Nf3 Qc7 22. c5 Nfd7 23. cxd6 Qb6 24. bxc6 bxc6 25. Nxe5 Bxe5 26.
Bxe5 Nxe5 27. Rb1 Qc5 28. Red1 Ra3 29. Rb3 Rxb3 30. Qxb3 Be6 31. Qb2 Rd8 32. Na4 Qa5 33. Qb6 Qa8 34. Nc5 Bc4 35. Bxc4 Nxc4 36. Qb7 Qxb7 37. Nxb7 Rd7 38. e5 Nxe5 39. Nc5 Rd8 40. d7 g5 41. g3 Kf8 42. f4 gxf4 43. gxf4 Ng6 44. Nb7 Ke7 45. Nxd8 Kxd8 46. Rd6 c5 47. Rf6 Kxd7 48. Rxf7+ Kd6 49. f5 Ne5 50. Rxh7 c4 51. Kf2 c3 52. Ke3 Nc4+ 53. Kd3 Ke5 54. Kxc3 Ne3 55. Rf7 Nxf5 56. Rh7 Kf4 57. h4 Kg4 58. Kd3 Nxh4 59. Ke4 Nf3 60. Rg7+ Ng5+ 61. Ke5 Kh4 62. Kf5 Nh3 63. Rh7+ Kg3 64. Rg7+ Kf3 65. Rh7 Nf2 66. Rh2 Ke3 67. Rxf2 Kxf2 1/2-1/2

[Event "*** Titled Tuesday Blitz"]
[Site "Chess.com"]
[Date "2020.04.21"]
[Round "3"]
[White "GHANDEEVAM2003"]
[Black "SamuelGhimpu2003"]
[Result "1/2-1/2"]
[WhiteElo "2893"]
[BlackElo "2665"]
[TimeControl "180+1"]
[EndTime "10:30:11 PDT"]
[Termination "Game drawn by repetition"]

1. c4 Nf6 2. Nc3 g6 3. g3 c6 4. e4 d5 5. e5 d4 6. exf6 dxc3 7.
bxc3 exf6 8. Bg2 Bg7 9. Ba3 Bf8 10. Qb3 Bxa3 11. Qxa3 Qe7+ 12. Qxe7+ Kxe7 13. Rb1 Na6 14. d4 Rb8 15. Kd2 Be6 16. Re1 Kd6 17. Kd3 c5 18. Nf3 Rhd8 19. Nd2 cxd4 20. cxd4 b5 21. Ne4+ Ke7 22. cxb5 Rxb5 23. Nc3 Nb4+ 24. Ke4 Ra5 25. Re2 Nxa2 26. Nxa2 Rxa2 27. Rxa2 Bxa2 28. Ke3 Bd5 29. Bxd5 Rxd5 30. Ra1 a5 31. Kd3 Kd6 32. Kc4 h5 33. h4 Rf5 34. Ra2 g5 35. Ra1 g4 36.
Ra2 a4 37. Rxa4 Rxf2 38. Ra5 Rc2+ 39. Kd3 Rg2 40. Rxh5 Rxg3+ 41. Ke4 Rf3 42. Rh6 Ke7 43. h5 f5+ 44. Ke5 g3 45. Rh8 f4 46. h6 g2 47.
Rg8 Rg3 48. Rxg3 fxg3 49. h7 g1=Q 50. h8=Q Qe3+ 51. Kd5 Qe6+ 52. Kc5 Qg6 53. Qe5+ Kf8 54. Qh8+ Qg8 55. Qh6+ Qg7 56. Qd6+ Kg8 57. Kc4 g2 58. Qb8+ Kh7 59. Qh2+ Kg8 60. Qb8+ Qf8 61. Qg3+ Qg7 62. Qb8+ 1/2-1/2

[Event "*** Titled Tuesday Blitz"]
[Site "Chess.com"]
[Date "2020.04.21"]
[Round "3"]
[White "NicoChasin"]
[Black "Pechen_Yeltsina"]
[Result "0-1"]
[WhiteElo "2457"]
[BlackElo "2793"]
[TimeControl "180+1"]
[EndTime "10:30:12 PDT"]
[Termination "Pechen_Yeltsina won by resignation"]

1. e4 g6 2. d4 Bg7 3. c4 d6 4.
Nc3 e5 5. Be3 Nc6 6. Nge2 exd4 7. Nxd4 Nge7 8. f3 O-O 9. Be2 f5 10. Nxc6 Nxc6 11. O-O fxe4 12. fxe4 Be6 13. Rxf8+ Qxf8 14. Nd5 Rc8 15. Qd2 Bxd5 16. cxd5 Ne5 17. Rf1 Qe7 18. Bg5 Qd7 19. Bf4 Re8 20. b3 Qe7 21. Bg5 Qd7 22. h3 h5 23. Kh2 Kh7 24. Qe3 b6 25. a4 Rf8 26. Rxf8 Bxf8 27. Bf4 Nf7 28.
Kh1 Bg7 29. Bg3 Qe7 30. Bd3 Be5 31. Be1 Qf6 32. Qf3 Qe7 33. Bd2 Kg7 34. g3 Ng5 35. Qg2 Nf7 36. h4 Qd7 37. Be2 c6 38. dxc6 Qxc6 39.
Bc4 Qd7 40. Bd5 Nd8 41. Kg1 Ne6 42. Qh3 Nc5 43. Qxd7+ Nxd7 44. Kf2 Bd4+ 45. Ke2 a5 46.
Bg5 Be5 47. Kf3 Bf6 48. Be3 Kf8 49. Be6 Ne5+ 50. Ke2 Bd8 51. Bd4 Ke7 52. Bd5 Ng4 53. Kd3 Nf6 54. Kc4 Nd7 55. Kb5 Nc5 56. Kc6 Nd7 57. Kb7 Nc5+ 58. Kc8 Nd7 59. Bc6 Nc5 60. Bd5 Nd3 61. Bg8 Nc5 62. Bh7 Nxe4 63. Bxg6 Nxg3 64.
Bd3 d5 65. Be5 Ne4 66. Kb7 Nd6+ 67. Kc6 Nf7 68. Bd4 Ke6 69. Bxb6 Bxh4 70. Bxa5 Ne5+ 71. Kc7 Nxd3 72. Bd2 Bf2 73. a5 h4 74. Bb4 Nxb4 75. a6 Nxa6+ 0-1

[Event "*** Titled Tuesday Blitz"]
[Site "Chess.com"]
[Date "2020.04.21"]
[Round "3"]
[White "H3nriqueTV"]
[Black "FrankieJay"]
[Result "0-1"]
[WhiteElo "2145"]
[BlackElo "2361"]
[TimeControl "180+1"]
[EndTime "10:30:14 PDT"]
[Termination "FrankieJay won by resignation"]

1. e4 c5 2. Nf3 Nc6 3. b3 e5 4. Bb2 d6 5. c3 Nf6 6. Bd3 Be7 7. Bc2 O-O 8. O-O h6 9. d4 Qc7 10. h3 a6 11. a3 b5 12. dxe5 dxe5 13. Qe2 Be6 14. Nbd2 Rad8 15. Rfd1 Rfe8 16. Nf1 Na5 17.
b4 Nc4 18. Bc1 a5 19. bxc5 Bxc5 20. Ng3 Qb6 21. Bd2 Nxd2 22. Rxd2 Bc4 23. Qe1 a4 24.
Nf5 Be6 25. Rad1 Rxd2 26. Rxd2 Bxf5 27. exf5 Bxa3 28. Re2 Bc5 29. Nxe5 Qc7 30. Nf3 Rxe2 31. Qxe2 Bd6 32. Qxb5 Qxc3 33. Qxa4 Bc5 34. Qb3 Qxb3 35.
Bxb3 Ne4 36. Ne5 Bxf2+ 37. Kh1 Ng3+ 38. Kh2 Nxf5 39. Nxf7 Bg3+ 40. Kg1 Kf8 41. Kf1 Bc7 42. g4 Nd4 43. Bc4 Ke7 44. g5 h5 45. g6 Ne6 46.
Ng5 Nxg5 47. Be2 h4 48. Bg4 Kf6 49. Bh5 Ne4 50. Ke1 Ng3 51. Bg4 Kxg6 52. Kf2 Kg5 53.
Ke3 Nf5+ 54. Ke4 Nh6 55. Bc8 Bg3 56. Kf3 Kf6 57. Ke4 g5 58. Kf3 Ke5 59. Ke2 Bf4 60.
Kf3 Nf5 61. Kg4 Ne3+ 62. Kh5 Ke4 63. Kg6 Kd3 64. Kh5 Ke2 65. Kg6 Kf2 66. Kh5 Kg3 67.
Bd7 Ng2 68. Be6 Ne1 69. Bd7 Nf3 70. Kg6 Ng1 71. Kf5 Nxh3 72. Ke4 Nf2+ 73. Kd4 h3 0-1

[Event "*** Titled Tuesday Blitz"]
[Site "Chess.com"]
[Date "2020.04.21"]
[Round "3"]
[White "Hikaru"]
[Black "Gordima"]
[Result "1/2-1/2"]
[WhiteElo "3226"]
[BlackElo "2717"]
[TimeControl "180+1"]
[EndTime "10:30:15 PDT"]
[Termination "Game drawn by agreement"]

1. Nf3 d5 2. b3 Bf5 3. Bb2 e6 4. e3 Nf6 5. Nh4 Bg6 6. Nxg6 hxg6 7. g3 c6 8. Bg2 Nbd7 9. d3 Bd6 10. Nd2 a5 11. a3 Qc7 12. Qe2 Be5 13. c3 g5 14.
h3 Bd6 15. c4 Be5 16. d4 Bd6 17. O-O-O O-O 18. Kb1 c5 19. cxd5 exd5 20. dxc5 Be5 21. Nf3 Bxb2 22. Qxb2 Nxc5 23. Nxg5 Rfd8 24. Rd4 Ra6 25. Rc1 Rc6 26. Ka2 a4 27. bxa4 Nxa4 28. Rxc6 Qxc6 29. Qb3 Nc3+ 30. Kb2 Rc8 31. Bf3 Nce4 32.
Rd1 Nxg5 33. Bxd5 Nxd5 34. Qxd5 Qc2+ 35. Ka1 Ne6 36. Qd2 Qa4 37. Kb2 Rd8 38. Qxd8+ Nxd8 39. Rxd8+ Kh7 40. Rd4 Qb5+ 41. Kc3 Qc6+ 42. Kb3 Qg2 43. Rf4 f6 44. h4 Qd5+ 45. Kc3 Qa2 46. a4 Kg6 47. g4 Kf7 48. h5 Ke6 49. Kd3 Qb2 50. Ke4 Qc2+ 51. Kf3 Qd1+ 52. Kg2 Qb3 53. Re4+ Kf7 54.
Rd4 Qc2 55. Rf4 Kg8 56. Kg3 Qc6 57. Kh2 Qd6 58. Kg2 Kh7 59. Rd4 Qc6+ 60. Kg1 Kh6 61.
Rf4 Kg5 62. Kh2 Kh4 63. Kg1 Qc1+ 64. Kg2 Qc6+ 65. Kh2 Qc1 66. Kg2 Qd1 67. Rd4 Qb3 68.
Rf4 Qd3 69. Rd4 Qa6 70. Rf4 Qc6+ 71. Kh2 Kg5 72. Kg3 Qd6 73. Kh3 Kh6 74. Kg3 Qc6 75. Kh2 Qd6 76. Kg2 1/2-1/2

[Event "*** Titled Tuesday Blitz"]
[Site "Chess.com"]
[Date "2020.04.21"]
[Round "3"]
[White "Stewie_89"]
[Black "abhidabhi"]
[Result "1-0"]
[WhiteElo "2647"]
[BlackElo "2817"]
[TimeControl "180+1"]
[EndTime "10:30:16 PDT"]
[Termination "Stewie_89 won by resignation"]

1. e4 e5 2. Nf3 Nc6 3. Bb5 a6 4.
Ba4 Nf6 5. d3 Bc5 6. O-O d6 7.
c3 b5 8. Bc2 h6 9. Be3 O-O 10. Nbd2 Re8 11. Re1 Bxe3 12. fxe3 a5 13. d4 Bb7 14. Nf1 b4 15. Ng3 Rb8 16. Qd2 Ne7 17.
Rad1 Ng6 18. d5 Bc8 19. h3 Bd7 20. c4 Bc8 21. b3 Nd7 22. Rf1 Nc5 23. Nh2 Qh4 24. Qf2 Rf8 25. Nf3 Qd8 26. Nh2 Bd7 27.
Nf5 Ne7 28. Qg3 Nxf5 29. exf5 Qg5 30. Qf2 e4 31. h4 Qf6 32. Ng4 Qc3 33. Rc1 h5 34.
Bb1 Qa1 35. Bxe4 Nxe4 36. Rxa1 Nxf2 37. Nxf2 Bxf5 38. Rfe1 Rfe8 39. e4 Bd7 40. Re3 f6 41.
Rae1 a4 42. Nd3 axb3 43. axb3 Kf7 44. Ra1 Rb7 45. Kf2 Bg4 46. Kg3 Bd7 47. Kf4 g6 48. Re2 Kg7 49. Rea2 c5 50. Ra7 Reb8 51. Rxb7 Rxb7 52.
Ra6 Bg4 53. Rxd6 Rc7 54. Rc6 Re7 55. Nxc5 g5+ 56. hxg5 fxg5+ 57. Ke3 h4 58. Ne6+ Bxe6 59. Rxe6 Rf7 60. d6 g4 61. Re7 h3 62. Rxf7+ Kxf7 63. gxh3 gxh3 64. Kf2 Ke6 65. c5 1-0

[Event "*** Titled Tuesday Blitz"]
[Site "Chess.com"]
[Date "2020.04.21"]
[Round "3"]
[White "ShahMatKanal"]
[Black "Pultis"]
[Result "0-1"]
[WhiteElo "2507"]
[BlackElo "2739"]
[TimeControl "180+1"]
[EndTime "10:30:16 PDT"]
[Termination "Pultis won by resignation"]

1. d4 Nf6 2. c4 g6 3. Nc3 d5 4. cxd5 Nxd5 5. Bd2 Bg7 6. e4 Nxc3 7. Bxc3 O-O 8. Be2 c5 9. d5 Bxc3+ 10.
bxc3 e6 11. Nf3 exd5 12. exd5 Nd7 13. O-O Nf6 14. c4 Bg4 15. Qb3 b6 16. a4 Ne8 17.
a5 Rb8 18. axb6 axb6 19. h3 Bxf3 20. Bxf3 Nd6 21. Ra7 Qf6 22. Ra6 Qd4 23. Rxb6 Rxb6 24. Qxb6 Nxc4 25. Qc7 Nd2 26. Rc1 Nxf3+ 27. gxf3 Qxd5 28.
Rxc5 Qxf3 29. Qg3 Qd1+ 30. Kh2 Ra8 31. Qc3 Qd6+ 32. Qe5 Qd2 33. Qf6 Qd7 34. Re5 Ra3 35. Qh4 Rf3 36. Rg5 Qd2 37. Rg2 Kg7 38. Kh1 h5 39. Kh2 Rf4 40. Qg3 h4 41. Qg5 Qd4 42.
Kh1 Rxf2 43. Rxf2 Qxf2 44. Qe5+ Kh7 45. Qd6 Qf3+ 46. Kh2 Qf2+ 47. Kh1 Kh6 48. Qf8+ Kg5 49. Qe7+ Qf6 50. Qe3+ Qf4 51. Qc5+ Kh6 52. Qf8+ Kh7 53.
Qa3 Qf1+ 54. Kh2 Qf2+ 55. Kh1 Qg3 56. Qxg3 hxg3 57. Kg2 Kh6 58. Kxg3 Kg5 59. Kf3 Kh4 60. Kg2 g5 61. Kh2 f5 62. Kg2 f4 63. Kh2 f3 64.
Kh1 Kxh3 65. Kg1 Kg3 66. Kh1 Kf2 67. Kh2 g4 68. Kh1 Ke1 0-1

[Event "*** Titled Tuesday Blitz"]
[Site "Chess.com"]
[Date "2020.04.21"]
[Round "3"]
[White "jfriedel"]
[Black "albano87"]
[Result "1/2-1/2"]
[WhiteElo "2576"]
[BlackElo "2369"]
[TimeControl "180+1"]
[EndTime "10:30:17 PDT"]
[Termination "Game drawn by repetition"]

1. Nf3 c5 2. c4 Nf6 3. b3 g6 4. Bb2 Bg7 5. g3 O-O 6. Bg2 Nc6 7. O-O d6 8. d4 cxd4 9. Nxd4 Bd7 10. Nc3 Nxd4 11.
Qxd4 Bc6 12. Nd5 Bxd5 13. cxd5 Qa5 14. b4 Qa4 15. a3 Rfc8 16. Rac1 b6 17. Rc6 Rxc6 18.
dxc6 d5 19. Bxd5 Rd8 20. c7 Rc8 21. Rc1 Qd7 22. e4 Rxc7 23. Rxc7 Qxc7 24. Kg2 e6 25.
Bb3 Ne8 26. Qd2 Bxb2 27. Qxb2 Qc6 28. Qd4 Nd6 29. f3 Nb5 30. Qe5 Qc3 31. Qxc3 Nxc3 32. Kf2 Nb5 33. a4 Nd4 34. Bd1 Kf8 35. Ke3 e5 36. f4 f6 37. g4 h6 38. h4 Ke7 39.
g5 hxg5 40. fxg5 fxg5 41. hxg5 Ne6 42. a5 Nxg5 43. axb6 axb6 44. Be2 Ne6 45. Bg4 Nd4 46. Kd3 Kd6 47. Kc4 b5+ 48. Kd3 Ne6 49. Ke3 Nf4 50. Bf3 Ne6 51. Be2 Kc6 52. Bg4 Nc7 53.
Kd3 Ne8 54. Be6 Nf6 55. Bf7 g5 56. Ke3 Kd6 57. Bg6 Ke7 58. Bf5 Nd7 59. Bxd7 Kxd7 60.
Kf3 Ke6 61. Kg4 Kf6 62. Kh5 g4 63. Kxg4 Kg6 64. Kh4 Kh6 65. Kg4 Kg6 66. Kh4 Kh6 67. Kg4 Kg6 1/2-1/2

[Event "*** Titled Tuesday Blitz"]
[Site "Chess.com"]
[Date "2020.04.21"]
[Round "3"]
[White "krasavetc"]
[Black "KNVB"]
[Result "1-0"]
[WhiteElo "2465"]
[BlackElo "2758"]
[TimeControl "180+1"]
[EndTime "10:30:18 PDT"]
[Termination "krasavetc won by checkmate"]

1. e4 c5 2. Nf3 e6 3. d3 d5 4.
Nbd2 Nc6 5. g3 Bd6 6. Bg2 Nge7 7. O-O O-O 8. Re1 Qc7 9. c3 f6 10. Qe2 d4 11. Nc4 e5 12. Bd2 Be6 13. Nxd6 Qxd6 14. c4 a6 15. Nh4 b5 16. b3 bxc4 17. bxc4 Rab8 18. Rab1 g5 19. Nf5 Nxf5 20. exf5 Bxf5 21. Qf3 Bd7 22. h4 h6 23. Qh5 Kg7 24. hxg5 hxg5 25.
Be4 f5 26. Qxg5+ Qg6 27. Qxg6+ Kxg6 28. Bg2 Kf6 29. f4 Rfe8 30. Rxb8 Rxb8 31. fxe5+ Ke7 32. e6 Be8 33. Bg5+ Kf8 34. e7+ Kg7 35. Bf4 Rb2 36. Bxc6 Bxc6 37. e8=Q Bxe8 38. Rxe8 Rxa2 39. Re5 a5 40.
Rxc5 a4 41. Ra5 Ra3 42. Be5+ Kf7 43. Bxd4 Rxd3 44. Be5 a3 45. Kf2 Ke6 46. Bf4 Rc3 47.
Ke2 Rxc4 48. Rxa3 Kd5 49. Re3 Rc2+ 50. Kf3 Rb2 51. Re5+ Kd6 52. Rxf5+ Ke7 53. Kg4 Rb3 54. Kg5 Ke6 55. Rf6+ Ke7 56. Bd6+ Kd7 57. Be5 Rb5 58. Kf5 Rb3 59. Rg6 Rf3+ 60. Bf4 Rd3 61. Rg7+ Ke8 62. g4 Rd5+ 63. Be5 Ra5 64. Rc7 Ra6 65.
g5 Ra2 66. Ke6 Ra6+ 67. Bd6 Kd8 68. Rg7 Kc8 69. g6 Ra1 70. Rc7+ Kd8 71. Rb7 Re1+ 72. Be5 Rc1 73. Rb8+ Rc8 74. Rxc8+ Kxc8 75. g7 Kb7 76.
g8=Q Ka7 77. Qb8+ Ka6 78. Kd5 Ka5 79. Kc5 Ka6 80. Qb6# 1-0

[Event "*** Titled Tuesday Blitz"]
[Site "Chess.com"]
[Date "2020.04.21"]
[Round "3"]
[White "SARGISMV"]
[Black "GMKrikor"]
[Result "0-1"]
[WhiteElo "2437"]
[BlackElo "2730"]
[TimeControl "180+1"]
[EndTime "10:30:18 PDT"]
[Termination "GMKrikor won by checkmate"]

1. d4 Nf6 2. Nf3 g6 3. c4 Bg7 4.
Nc3 d5 5. cxd5 Nxd5 6. Bd2 O-O 7. e4 Nb6 8. Be3 Bg4 9. Be2 Nc6 10. d5 Bxf3 11.
gxf3 Na5 12. Bd4 Bxd4 13. Qxd4 e6 14. O-O-O exd5 15. exd5 c5 16. dxc6 Qxd4 17. Rxd4 Nxc6 18. Rd2 Rad8 19. Rhd1 Rxd2 20. Rxd2 Rd8 21. Rxd8+ Nxd8 22. Kd2 Kf8 23. f4 Ke7 24. b3 a6 25.
Bf3 f5 26. h4 h5 27. Ke3 Kd6 28. Kd4 Ne6+ 29. Ke3 Nd8 30. Kd4 Nd7 31. Nd5 Nc5 32. Nb6 Nce6+ 33. Ke3 Ke7 34. Nc4 Nf8 35. Ne5 Kd6 36. Kd4 Nfe6+ 37. Ke3 Nf8 38. Kd4 b6 39. b4 Nde6+ 40. Ke3 a5 41. a3 axb4 42. axb4 Nd8 43. Nc4+ Kc7 44. Ne5 Nde6 45. Be2 Nd8 46. Bc4 Kd6 47. Kd4 Nde6+ 48. Ke3 Nd8 49. Bg8 Nc6 50.
Nc4+ Kc7 51. b5 Ne7 52. Ne5 Nxg8 53. Kd4 Kd6 54. Nf7+ Ke7 55. Ne5 Nf6 56. Nc4 N6d7 57. Kd5 Ne6 58. Kc6 Nxf4 59. Nxb6 Nxb6 60. Kxb6 Kd6 61.
Ka7 Nd5 62. b6 Nxb6 63. Kxb6 Ke5 64. Kc5 Kf4 65. Kd5 Kg4 66. Ke5 Kxh4 67. f4 Kg4 68. Kf6 Kxf4 69. Kxg6 h4 70. Kh5 h3 71. Kh4 h2 72.
Kh3 h1=Q# 0-1

[Event "*** Titled Tuesday Blitz"]
[Site "Chess.com"]
[Date "2020.04.21"]
[Round "3"]
[White "ClockworkKubrick"]
[Black "benko_008"]
[Result "1-0"]
[WhiteElo "2179"]
[BlackElo "2489"]
[TimeControl "180+1"]
[EndTime "10:30:18 PDT"]
[Termination "ClockworkKubrick won on time"]

1. e4 c5 2. Nf3 e6 3. Nc3 a6 4.
Be2 b5 5. d3 Bb7 6. O-O d6 7. Bf4 Nf6 8. h3 Nc6 9. Qd2 Be7 10. Nd1 O-O 11. Bh2 Nd7 12. Ne1 Nd4 13. Bg4 Qb6 14. c3 Nc6 15. Kh1 Nf6 16. Be2 c4 17. f4 cxd3 18. Bxd3 Rfd8 19. Qc2 e5 20. Ne3 Qxe3 21. fxe5 Nxe5 22. Bxe5 dxe5 23. Rf3 Qb6 24. Qe2 Nh5 25. Kh2 Bg5 26. g3 Be7 27. Rf5 Nf6 28.
Rxe5 Re8 29. Nf3 g6 30. Re1 Bd6 31. Rxe8+ Rxe8 32. Nd4 Nh5 33. Rg1 Qc7 34. Qf3 Ng7 35. h4 Be5 36. Ne2 Bc8 37. Bc2 Nh5 38. Bb3 Kg7 39.
Rf1 Re7 40. Nf4 Bxf4 41. gxf4 Be6 42. Bc2 Bc8 43. Kg2 Nf6 44. f5 Qe5 45. fxg6 hxg6 46. Bb3 Be6 47. Bxe6 Rxe6 48. Kh3 Re7 49. b3 Re8 50. c4 Rh8 51. cxb5 axb5 52. a4 Qe6+ 53. Kg3 bxa4 54. bxa4 Nd7 55. a5 Ne5 56. Qf4 Nd3 57. Qf3 Qe5+ 58. Kg2 Qb2+ 59. Kh1 Rxh4+ 60. Kg1 Qd4+ 61.
Kg2 Qd7 62. Qf6+ Kg8 63. Qxh4 Ne5 64. Qf4 Nd3 65. Qf6 Qg4+ 66. Kh2 Qh5+ 67. Kg2 Qe2+ 68. Kh3 Qe3+ 69. Rf3 Qh6+ 70. Kg3 1-0

[Event "*** Titled Tuesday Blitz"]
[Site "Chess.com"]
[Date "2020.04.21"]
[Round "3"]
[White "Donseng"]
[Black "Xeniya2005"]
[Result "1-0"]
[WhiteElo "2528"]
[BlackElo "2251"]
[TimeControl "180+1"]
[EndTime "10:30:20 PDT"]
[Termination "Donseng won on time"]

1. e4 c5 2. Nf3 Nc6 3. d4 cxd4 4. Nxd4 Nf6 5. Nc3 e6 6. Ndb5 Bb4 7. a3 Bxc3+ 8. Nxc3 d5 9. exd5 exd5 10. Bd3 O-O 11.
O-O Bg4 12. Qd2 Re8 13. Qf4 Bh5 14. Qg3 Bg6 15. Bg5 d4 16. Ne2 Bxd3 17. Qxd3 Qd6 18. Rad1 Rad8 19. Rfe1 h6 20. Bf4 Qd5 21. Ng3 Nh5 22.
Nxh5 Qxh5 23. h3 Qc5 24. Re4 Rxe4 25. Qxe4 Qb5 26. Rd3 Qd5 27. Qxd5 Rxd5 28. c4 Rf5 29.
Bg3 b5 30. cxb5 Rxb5 31. b4 a5 32. bxa5 Rxa5 33. Kf1 f6 34. Ke2 Kf7 35. Rb3 Ke6 36.
Kd3 Kd5 37. f4 f5 38. Be1 Ra4 39. Rb5+ Ke6 40. Bb4 g5 41. g4 fxg4 42. f5+ Kf6 43.
hxg4 Ne5+ 44. Ke4 Nxg4 45. Rb6+ Kf7 46. Rb7+ Kf6 47. Be7+ Kf7 48. Bxg5+ Kg8 49. Bc1 Ra5 50. Kxd4 Rxf5 51. a4 h5 52. Rb5 Rf1 53. Rxh5 Rxc1 54.
Rg5+ Kf7 55. Rxg4 Ra1 56. Kc5 Ke6 57. Rd4 Ke7 58. Kb6 Ke6 59. a5 Ke5 60. Rd8 Ke6 61.
a6 Ke7 62. Rd5 1-0

[Event "*** Titled Tuesday Blitz"]
[Site "Chess.com"]
[Date "2020.04.21"]
[Round "3"]
[White "vlad_Sid"]
[Black "Beca95"]
[Result "0-1"]
[WhiteElo "2643"]
[BlackElo "2861"]
[TimeControl "180+1"]
[EndTime "10:30:21 PDT"]
[Termination "Beca95 won by resignation"]

1. c4 e5 2. g3 Nf6 3. Bg2 Bc5 4. Nc3 c6 5. e3 Bb6 6. Nf3 d6 7. O-O Qe7 8. h3 O-O 9. d3 h6 10. Qc2 Bf5 11. e4 Bh7 12. Kh2 Nbd7 13. Rb1 Nc5 14. b4 Ne6 15. Be3 Nd4 16. Bxd4 exd4 17. Ne2 c5 18. b5 Rae8 19. Nf4 g5 20. Ne2 d5 21. cxd5 Nxd5 22. Nd2 Nf6 23. Nc4 Bc7 24. b6 axb6 25. Nxb6 h5 26. Rfc1 Bd6 27. Nc4 Bc7 28.
Rxb7 Bxg3+ 29. Nxg3 Qxb7 30. Nd6 Qb8 31. Nxe8 Rxe8 32.
Qxc5 Qf4 33. Kg1 g4 34. h4 Bg6 35. Rc2 Nd7 36. Qxd4 Ne5 37. Qe3 Qf6 38. d4 Nf3+ 39.
Bxf3 gxf3 40. Rc5 Qxh4 41. Qxf3 Kh7 42. Re5 Rc8 43. Nxh5 Rc1+ 44. Kg2 Qh1+ 45. Kg3 Rg1+ 46. Kf4 Qh2+ 47. Ke3 Re1+ 48. Kd2 Rf1 49. Nf6+ Kg7 50. Ng4 Qh4 51. Qf4 Ra1 52. Re8 Rxa2+ 53. Kc3 Ra3+ 54. Kb4 Ra2 55. Qe5+ f6 56. Qe7+ Bf7 57. Rf8 Qh5 58. Qxf6+ Kxf8 59. Ne5 Ra7 60. Qd8+ Kg7 61. Qd6 Rb7+ 62.
Kc5 Qg5 63. Qc6 Qc1+ 64. Kd6 Qa3+ 65. Qc5 Rb6+ 66. Kc7 Qa7+ 67. Kd8 Rb8+ 68. Qc8 Rxc8+ 69. Kxc8 Be6+ 0-1

[Event "*** Titled Tuesday Blitz"]
[Site "Chess.com"]
[Date "2020.04.21"]
[Round "3"]
[White "Gahan-MG"]
[Black "ToivoK3"]
[Result "0-1"]
[WhiteElo "2588"]
[BlackElo "2896"]
[TimeControl "180+1"]
[EndTime "10:30:21 PDT"]
[Termination "ToivoK3 won by resignation"]

1. e4 c5 2. c3 g6 3. d4 cxd4 4. Qxd4 Nf6 5. Bb5 Nc6 6. Bxc6 bxc6 7. e5 Nd5 8. Ne2 Bg7 9. c4 Nb4 10. Qc3 c5 11. O-O O-O 12. a3 Nc6 13. f4 d6 14. Rd1 Bg4 15. Qe3 Bxe2 16. Qxe2 Nd4 17. Qe4 dxe5 18. fxe5 Bxe5 19. Nc3 Bg7 20. Bg5 Re8 21.
Nd5 f6 22. Be3 e6 23. Nc3 f5 24. Qd3 Qd7 25. b4 Rad8 26. Bg5 Rc8 27. bxc5 Rxc5 28.
Be3 e5 29. Nd5 Qc6 30. Bxd4 exd4 31. Re1 Kh8 32. Rab1 Qd7 33. h4 Rcc8 34. h5 Rxe1+ 35. Rxe1 Re8 36. Rxe8+ Qxe8 37. Kf1 Qe4 38. Nb4 Qh4 39.
c5 Qh1+ 40. Kf2 Bf6 41. c6 Qh2 42. Kf1 Bh4 43. Qf3 Qh1+ 44. Ke2 Qe1+ 45. Kd3 Qc3+ 46.
Ke2 Qc4+ 47. Qd3 Qe6+ 48. Kd1 Bf6 49. Kc2 Be5 50. Qb3 Qd6 51. Qc4 Kg7 52. Nd5 Qe6 53. c7 Bxc7 54. Qxc7+ Kh6 55. Nf4 Qe4+ 56. Kd2 Qe3+ 57.
Kc2 Qe4+ 58. Kd2 Qe3+ 59. Kc2 Kg5 60. Nd3 Qe2+ 61. Kc1 Qxd3 62. Qe7+ Kg4 63. Qxh7 Qe3+ 64. Kc2 gxh5 65. Qg6+ Qg5 66. Qd6 h4 67. Qxd4+ Qf4 68. Qd1+ Kg3 69. Qd3+ Kxg2 70. Qd5+ Qe4+ 0-1

[Event "*** Titled Tuesday Blitz"]
[Site "Chess.com"]
[Date "2020.04.21"]
[Round "3"]
[White "Gareth-Bale11"]
[Black "gvanna"]
[Result "1-0"]
[WhiteElo "2752"]
[BlackElo "2446"]
[TimeControl "180+1"]
[EndTime "10:30:21 PDT"]
[Termination "Gareth-Bale11 won by resignation"]

1. Nf3 c5 2. e4 Nc6 3. g3 g6 4.
Bg2 Bg7 5. c3 d6 6. O-O Nf6 7.
Re1 O-O 8. h3 e6 9. d4 cxd4 10.
cxd4 d5 11. e5 Ne4 12. Nbd2 Nxd2 13. Bxd2 h6 14. h4 Bd7 15. Nh2 f5 16. Nf3 Rc8 17. Rc1 Qb6 18. Bc3 Kh7 19. Qd2 Rc7 20. Bf1 a6 21. Bd3 Rcc8 22. Kg2 Qd8 23. b3 Qe7 24. Re2 Rc7 25. Bb4 Qe8 26. Bxf8 Bxf8 27. Ree1 Ba3 28. Rc2 Bb4 29. Qe3 Bxe1 30. Qxe1 Rc8 31. a3 Qd8 32.
Rc5 Qb6 33. b4 Na7 34. Qc3 Kg7 35. Qc1 Rc6 36. Nh2 Qc7 37. Nf3 Bc8 38. Kf1 b6 39. Rxc6 Qxc6 40. Qd2 b5 41. Kg2 Bd7 42. Nh2 Nc8 43. g4 Nb6 44. gxf5 exf5 45. Nf1 Nc4 46.
Qc1 Be6 47. Ng3 Qb6 48. Ne2 Qd8 49. Kg3 g5 50. hxg5 hxg5 51. f4 g4 52. Qh1 Qe8 53.
Qh4 Nxa3 54. Qf6+ Kg8 55. Nc3 Nc4 56. Bxf5 Bxf5 57. Qxf5 Ne3 58. Qg5+ Kf8 59. f5 Qc8 60. Qxe3 Qxf5 61. Qf4 Qxf4+ 62. Kxf4 Ke7 63. Nxd5+ Kd7 64. Ne3 a5 65. bxa5 b4 66. Kxg4 Kc6 67. Nd1 b3 68.
Kf5 Kd5 69. Nb2 Kxd4 70. e6 Kc3 71. Na4+ Kb4 72. e7 Kxa4 73. e8=Q+ Ka3 74. Qb8 b2 75. a6 b1=Q+ 76. Qxb1 1-0

[Event "*** Titled Tuesday Blitz"]
[Site "Chess.com"]
[Date "2020.04.21"]
[Round "3"]
[White "S2PAc"]
[Black "vovachesss"]
[Result "1-0"]
[WhiteElo "2789"]
[BlackElo "2616"]
[TimeControl "180+1"]
[EndTime "10:30:24 PDT"]
[Termination "S2PAc won by resignation"]

1. d4 d6 2. g3 e5 3. dxe5 dxe5 4. Qxd8+ Kxd8 5. Bg2 c6 6. f4 Nd7 7. Nc3 Kc7 8. Nf3 f6 9. Bd2 exf4 10. gxf4 Nc5 11.
O-O-O Ne7 12. e4 Ng6 13. f5 Ne5 14. Nxe5 fxe5 15. Bg5 Bd6 16. Rd2 Re8 17. Rhd1 Be7 18.
Bxe7 Rxe7 19. Rd8 b6 20. Rh8 h6 21. Rdd8 Nd7 22. Rdg8 Nf6 23. Rd8 Rb8 24. Bh3 Rd7 25. Rdf8 Re7 26. a4 Nd7 27. Rd8 Ba6 28. Rxb8 Nxb8 29.
f6 gxf6 30. Rxh6 Nd7 31. Bxd7 Kxd7 32. Rxf6 Rh7 33. b3 Bc8 34. Rf2 Kd6 35. Kb2 a5 36.
Rf8 Bd7 37. Rf6+ Kc5 38. Rf2 Rh4 39. Rd2 Be6 40. Re2 Rh3 41. Rg2 Kd4 42. Rd2+ Kc5 43. Nd1 Rh4 44. Nf2 b5 45. Nd3+ Kd4 46. Kc1 Kxe4 47. Nc5+ Kf5 48. axb5 cxb5 49. Rd6 Bf7 50. Rb6 Bh5 51. Rxb5 Rxh2 52. Nd3 Re2 53. Rxa5 Bf3 54.
Rc5 Kf6 55. b4 e4 56. Ne5 Re1+ 57. Kd2 Re2+ 58. Kc1 Re1+ 59. Kb2 Bh5 60. Nc4 Bg4 61. b5 e3 62. Rc6+ Kf5 63. Rc5+ Kf6 64. Re5 e2 65. b6 Rd1 66. b7 e1=Q 67. Rxe1 Rxe1 68. b8=Q Be6 69.
Qd8+ Kf5 70. Qd2 Re4 71. Nd6+ Ke5 72. Nxe4 Kxe4 73. Kc3 1-0

[Event "*** Titled Tuesday Blitz"]
[Site "Chess.com"]
[Date "2020.04.21"]
[Round "3"]
[White "jonaszmb"]
[Black "Hippotaner"]
[Result "1-0"]
[WhiteElo "2467"]
[BlackElo "2241"]
[TimeControl "180+1"]
[EndTime "10:30:25 PDT"]
[Termination "jonaszmb won by checkmate"]

1. d4 Nf6 2. c4 e6 3. Nf3 Bb4+ 4.
Nbd2 O-O 5. g3 b6 6. Bg2 Bb7 7. O-O a5 8. Qc2 Bxd2 9. Bxd2 d6 10. Bg5 h6 11. Bxf6 Qxf6 12. Rfd1 Nd7 13. d5 exd5 14. cxd5 Nc5 15. Nd4 Rfe8 16. e4 Ba6 17. Rac1 Qe7 18. Nc6 Qf6 19. a3 a4 20. f4 Bb5 21. Nd4 Ba6 22. Nc6 Bb5 23. e5 dxe5 24. fxe5 Qg5 25. Nd4 Qe3+ 26. Qf2 Qxf2+ 27. Kxf2 Ba6 28. d6 Rad8 29.
dxc7 Rc8 30. Kg1 Rxc7 31. Nf3 Rce7 32. Rd6 Nd3 33. Rb1 Rb8 34. b3 Bb7 35. bxa4 Bxf3 36. Bxf3 Nxe5 37. Bg2 Nc4 38. Rc6 Nxa3 39. Rcxb6 Rxb6 40. Rxb6 Nc4 41. Rb8+ Kh7 42. Rb4 Nd6 43. Kf2 Ra7 44.
Rd4 Nc8 45. Bd5 Nb6 46. Be4+ g6 47. Bc6 Kg7 48. Bb5 Nc8 49. Ke3 Kf6 50. Kd3 Ke5 51. Re4+ Kd5 52. Rh4 h5 53. Kc3 Nd6 54. Rd4+ Ke6 55.
Kb4 g5 56. Kc5 Nb7+ 57. Kb6 Ra8 58. Kxb7 Rf8 59. Re4+ Kd5 60. Re1 f5 61. a5 Kc5 62.
Bd7 Rf7 63. Kc7 f4 64. gxf4 gxf4 65. a6 f3 66. a7 f2 67. Rf1 Rf3 68. a8=Q Rc3 69.
Qc6+ Kb4 70. Qxc3+ Kxc3 71. Rxf2 Kd4 72. Rf3 h4 73.
Rh3 Ke4 74. Rxh4+ Ke5 75. Rg4 Kf6 76. h4 Kf7 77. h5 Kf6 78. h6 Kf7 79. h7 Kf6 80.
h8=Q+ Kf7 81. Qg7# 1-0